 Dungeon Crawl Stone Soup version 0.28.0-53-g5a82cb258f (webtiles) character file.

Game seed: 17864281971629470291

213 Peloso the Covered (level 5, -4/47 HPs)
             Began as a Minotaur Fighter on July 16, 2022.
             Slain by an orc warrior
             ... wielding a +0 glaive
              (8 damage)
             ... on level 3 of the Dungeon.
             The game lasted 00:03:21 (2286 turns).

Peloso the Covered (Minotaur Fighter)               Turns: 2286, Time: 00:03:21

Health: -4/47      AC: 12    Str: 20    XL:     5   Next: 59%
Magic:  4/4        EV:  7    Int:  5    God:
Gold:   167        SH:  5    Dex: 12    Spells: 4/4 levels left

rFire   . . .      SeeInvis .   a - +0 long sword
rCold   . . .      Faith    .   c - +0 buckler
rNeg    . . .      Spirit   .   g - +0 chain mail
rPois   .          Reflect  .   (helmet restricted)
rElec   .          Harm     .   (no cloak)
rCorr   .          Rampage  .   j - +0 pair of gloves
Will    .....                   i - +0 pair of boots
Stlth   ..........              (no amulet)
HPRegen 0.15/turn               (no ring)
MPRegen 0.09/turn               (no ring)

@: no status effects
A: horns 2, retaliatory headbutt
a: no special abilities


You were on level 3 of the Dungeon.
You visited 1 branch of the dungeon, and saw 3 of its levels.

You collected 167 gold pieces.

Inventory:

Hand Weapons
 a - a +0 long sword (weapon)
Armour
 b - a +0 scale mail
 c - a +0 buckler (worn)
 g - a +0 chain mail (worn)
 i - a +0 pair of boots (worn)
 j - a +0 pair of gloves (worn)
Jewellery
 e - a ring of fire
Scrolls
 f - a scroll of fear {unknown}
 k - 3 scrolls of noise
 m - a scroll of fog {unknown}
Potions
 d - a potion of might
 h - a potion of flight
 l - a potion of resistance {unknown}


   Skills:
 + Level 4.5 Fighting
 + Level 4.6 Long Blades
 + Level 5.4 Armour
 + Level 0.4 Dodging
 + Level 4.2 Shields


You had 4 spell levels left.
You didn't know any spells.
Your spell library was empty.

Dungeon Overview and Level Annotations

Branches:
Dungeon (3/15)

Altars:


Innate Abilities, Weirdness & Mutations

You have a pair of horns on your head.
You reflexively headbutt those who attack you in melee.


Message History

There is a stone staircase leading up here.
You block the orc warrior's attack.
An orc comes into view. It is wielding a +0 club.
The orc shouts!
You block the orc warrior's attack.
You closely miss the orc warrior. Your headbutt misses the orc warrior.
The orc warrior hits you with a +0 glaive.
The orc warrior hits you but does no damage.
You barely miss the orc warrior. Your headbutt misses the orc warrior.
The orc warrior barely misses you. You furiously retaliate!
You headbutt the orc warrior. You hit the orc warrior.
The orc warrior is lightly wounded.
The orc warrior hits you with a +0 glaive!
You closely miss the orc warrior.
The orc warrior is lightly wounded.
The orc warrior hits you with a +0 glaive.
You completely miss the orc warrior.
The orc warrior is lightly wounded.
You block the orc warrior's attack.
You hit the orc warrior but do no damage.
Your headbutt misses the orc warrior.
The orc warrior is lightly wounded.
The orc warrior hits you with a +0 glaive!
The orc warrior hits you with a +0 glaive.
You barely miss the orc warrior.
The orc warrior is lightly wounded.
The orc warrior hits you with a +0 glaive!
You barely miss the orc warrior. You headbutt the orc warrior!
The orc warrior is heavily wounded.
The orc warrior hits you with a +0 glaive.
* * * LOW HITPOINT WARNING * * *
You closely miss the orc warrior.
The orc warrior is heavily wounded.
The orc warrior hits you with a +0 glaive!
* * * LOW HITPOINT WARNING * * *
You hit the orc warrior.
The orc warrior is severely wounded.
The orc warrior hits you with a +0 glaive!
You die...

##.#### .^....# ......#
......############
.................#
......##########.#####
...#.####..#.....#...
...........#.#.###.#
...........#.#<.@oo#
........####.#######
#..##.#.####.)...#
#...#.#....#####.########
.......†...............>#
#........#.#####.######.#
...#..##.#.# #.######.#
##.#.. ..#.# #....#...# .
#.....#.# ######.#.###


You could see an orc warrior and an orc.

Vanquished Creatures
  A centaur zombie (D:3)
  Natasha (D:3)
  An orc wizard (D:2)
  A gnoll (D:3)
  7 adders
  A dart slug (D:3)
  A worm (D:3)
  7 endoplasms
  2 giant cockroaches (D:2)
  3 goblins
  7 hobgoblins
  4 kobolds
  A quokka (D:2)
  9 ball pythons
  A bat (D:3)
  6 frilled lizards
  4 rats
57 creatures vanquished.

Vanquished Creatures (others)
  2 plants (D:3)
2 creatures vanquished.

Grand Total: 59 creatures vanquished

Notes
Turn   | Place    | Note
-------+----------+-------------------------------------------
     0 | D:1      | Peloso the Minotaur Fighter began the quest for the Orb.
     0 | D:1      | Reached XP level 1. HP: 19/19 MP: 0/0
   163 | D:1      | Found a faded altar of an unknown god.
   379 | D:1      | Reached XP level 2. HP: 22/27 MP: 1/1
   570 | D:1      | Reached skill level 4 in Armour
   806 | D:2      | Reached XP level 3. HP: 12/33 MP: 2/2
  1595 | D:3      | Reached XP level 4. HP: 41/41 MP: 3/3
  1829 | D:3      | Reached XP level 5. HP: 41/47 MP: 4/4
  1918 | D:3      | Noticed Natasha
  1925 | D:3      | Killed Natasha
  1926 | D:3      | Reached skill level 5 in Armour
  2156 | D:3      | Noticed an orc warrior
  2286 | D:3      | Slain by an orc warrior

Illustrated notes

Levels and vault maps discovered:
D:1:      erik_arrival_blinker_ship, layout_basic,
          dreamdust_ecumenical_altar_statues
D:2:      layout_basic
D:3:      minmay_recursive_quarters, layout_basic, tgw_xom, serial_bayou_pond_a,
          kennysheep_generic_room_6, uniq_natasha

Skill      XL: |  1  2  3  4  5 |
---------------+----------------+-----
Armour         | 4 5 |  5.4
Fighting       | 4 |  4.5
Shields        | 4 |  4.2
Long Blades    | 3 4 |  4.6
Dodging        | |  0.4

Action                   |  1- 3 |  4- 6 || total
-------------------------+-------+-------++-------
Melee: Long sword        |    85 |    64 ||   149
       Headbutt          |    11 |    10 ||    21
  Use: Scroll            |     3 |       ||     3
Armor: Chain mail        |    44 |    47 ||    91
       Scale mail        |     2 |       ||     2
Dodge: Dodged            |    38 |    21 ||    59
Block: Buckler           |    17 |    25 ||    42
